Map: Lightshade LE

Players

ByuN

  • Race: Terran Terran
  • Spawn Location: 5:00

Serral - Winner!

  • Race: Zerg Zerg
  • Spawn Location: 11:00

Event: TSL 6

VOD

Have the link to the VOD?

Description

Time

  • Played on: Dec. 20, 2020, 1:32 p.m.
  • Length: 26:47

All games in this series

Show
View Real Time Build Order
Export as new Build Order

ByuN Terran 

Build Orders:  

Get SALT Encoding   

  12  0:00  SCV  
  13  0:12  SCV  
  14  0:17  Supply Depot  
  14  0:24  SCV  
  15  0:38  SCV  
  15  0:40  Barracks  
  16  0:43  Refinery  
  16  0:51  SCV  
  17  1:03  SCV  
  18  1:15  SCV  
  19  1:27  Marine  
  19  1:28  Orbital Command  
  20  1:38  Command Center  
  20  1:50  Factory  
  20  1:54  SCV  
  21  2:01  Refinery  
  21  2:03  Barracks Reactor  
  21  2:06  SCV  
  22  2:12  Supply Depot  
  22  2:18  SCV  
  23  2:34  SCV  
  23  2:35  Starport  
  24  2:43  Hellion x2  
  28  2:46  SCV  
  29  2:52  Orbital Command  
  29  2:58  SCV  
  31  3:05  Widow Mine x2  
  34  3:10  SCV  
  34  3:12  Medivac  
  37  3:20  Supply Depot  
  37  3:21  SCV  
  37  3:22  SCV  
  37  3:24  Marine  
  40  3:28  Widow Mine  
  40  3:31  Widow Mine  
  44  3:36  Armory  
  44  3:39  SCV x2  
  46  3:46  Starport Tech Lab  
  46  3:49  Hellion  
  46  3:51  SCV x2  
  46  3:53  Hellion  
  52  3:59  Supply Depot  
  52  4:03  Supply Depot  
  52  4:07  SCV x2  
  54  4:21  Raven, SCV x2  
  54  4:32  Command Center  
  54  4:33  SCV x2  
  56  4:41  Barracks Tech Lab  
  56  4:42  Hellion  
  56  4:43  Hellion x3  
  56  4:45  SCV x2  
  58  4:51  Factory Reactor  
  58  4:57  SCV x2  
  58  4:59  Engineering Bay  
  60  5:01  Barracks  
  60  5:03  Barracks  
  60  5:06  Stimpack, Marine  
  59  5:09  SCV x2  
  59  5:13  Starport Reactor  
  59  5:14  Refinery x2  
  59  5:16  Engineering Bay  
  59  5:17  Supply Depot  
  59  5:21  SCV x2  
  59  5:29  Marine  
  59  5:33  SCV x2  
  62  5:38  Factory Reactor  
  62  5:44  Barracks  
  62  5:45  Terran Infantry Armor Level 1, Terran Infantry Weapons Level 1  
  62  5:46  Barracks, Orbital Command, SCV x2  
  64  5:50  Terran Vehicle And Ship Armor Level 1  
  64  5:53  Marine x3  
  67  5:58  SCV x2  
  67  6:00  Medivac, Marine x2  
  73  6:09  Orbital Command  
  73  6:10  SCV x2  
  73  6:11  Marine  
  75  6:14  Marine x2  
  75  6:16  Supply Depot  
  75  6:17  Marine x2  
  82  6:18  Widow Mine  
  82  6:19  Widow Mine  
  82  6:22  SCV x2  
  86  6:26  Supply Depot  
  86  6:27  Supply Depot  
  86  6:29  Marine  
  87  6:34  SCV x2  
  87  6:35  Barracks Reactor  
  87  6:37  Barracks Reactor, SCV  
  92  6:40  Supply Depot x2, Marine x2  
  92  6:41  Marine x2  
  92  6:46  SCV x2, Marine  
  97  6:49  SCV  
  98  6:58  SCV  
  98  6:59  SCV  
  98  7:01  Supply Depot, SCV  
  101  7:02  Supply Depot  
  101  7:03  Marine x4  
  101  7:04  Supply Depot, Marine  
  101  7:05  Widow Mine x2  
  101  7:06  Medivac  
  112  7:09  Medivac  
  112  7:10  SCV  
  112  7:11  SCV  
  112  7:13  Missile Turret, SCV  
  112  7:15  Factory  
  117  7:23  SCV x2  
  117  7:25  SCV  
  117  7:27  Widow Mine x2  
  124  7:30  Marine x3  
  124  7:31  Marine x4  
  124  7:34  Marine  
  124  7:36  Medivac, Marauder  
  136  7:38  Medivac, Refinery  
  136  7:43  Terran Infantry Armor Level 2  
  138  7:47  Terran Infantry Weapons Level 2  
  138  7:48  Widow Mine  
  138  7:53  Widow Mine  
  138  7:57  Marine x3  
  138  7:58  Marine x5  
  144  8:02  SCV x2  
  131  8:06  SCV  
  131  8:10  Widow Mine  
  133  8:17  Supply Depot  
  134  8:20  Barracks x2  
  134  8:21  Barracks  
  134  8:22  Combat Shield  
  134  8:24  Factory Tech Lab  
  133  8:30  Command Center, Marine x3  
  133  8:31  Marine x4  
  133  8:32  Marine  
  141  8:34  Marauder  
  141  8:45  Siege Tank  
  141  8:47  Medivac x2, Refinery  
  146  8:55  Marine  
  146  8:56  Marine x7  
  146  8:58  Siege Tank  
  146  9:02  Sensor Tower  
  157  9:15  Terran Vehicle Weapons Level 1  
  151  9:17  Barracks Tech Lab x3, Marine  
  151  9:18  Siege Tank  
  151  9:19  Marine x2  
  151  9:20  Marine x4  
  155  9:24  Marine x2  
  157  9:35  Supply Depot, Marine  
  157  9:37  Marine x3  
  157  9:38  Marine x3  
  164  9:41  Supply Depot  
  164  9:42  Supply Depot, Siege Tank, Marine  
  163  9:46  Marauder x3  
  163  9:47  Marauder, Concussive Shells  
  171  9:53  SCV x3  
  174  10:02  Supply Depot  
  174  10:03  Supply Depot  
  174  10:05  Marine  
  174  10:06  Marine x7  
  182  10:07  Marine  
  182  10:11  Siege Tank  
  186  10:18  Planetary Fortress  
  186  10:19  Terran Infantry Weapons Level 3  
  186  10:23  Terran Infantry Armor Level 3  
  186  10:34  Marine x4  
  186  10:35  Marine x4  
  194  10:36  Marauder  
  194  10:55  Marauder x3  
  194  10:56  Command Center  
  200  10:59  Ghost Academy  
  198  11:13  Marauder  
  200  11:23  Marine  
  200  11:24  Marine x7  
  200  11:25  Marauder x2, Marine  
  177  11:26  Siege Tank x2  
  177  11:27  Medivac x2  
  186  11:34  Marine  
  186  11:39  Barracks  
  185  11:41  SCV, Marine  
  185  11:42  Refinery x2, SCV x2  
  185  11:43  Marauder  
  185  11:46  Marauder  
  191  11:51  Sensor Tower  
  191  11:53  Ghost  
  182  11:55  Marine x6  
  182  11:56  Marine  
  182  11:58  Siege Tank  
  182  11:59  Siege Tank  
  197  12:07  Marauder  
  199  12:14  Missile Turret  
  199  12:18  Command Center  
  199  12:19  Command Center  
  199  12:20  Terran Vehicle Weapons Level 2  
  199  12:27  Command Center  
  199  12:29  Command Center  
  199  12:39  Command Center  
  199  12:42  Enhanced Shockwaves  
  199  12:50  Command Center  
  199  12:57  Ghost x3  
  197  12:59  Marine  
  197  13:00  Marine x2  
  197  13:03  Marine x2  
  164  13:07  Marauder, Marine  
  164  13:08  Marine x2  
  164  13:09  Siege Tank  
  164  13:13  Siege Tank  
  167  13:24  SCV  
  167  13:25  SCV x2  
  167  13:26  Ghost  
  167  13:27  Marauder x2, Ghost  
  176  13:33  Missile Turret  
  178  13:35  Liberator x2  
  178  13:37  SCV  
  178  13:41  Orbital Command x2, Siege Tank  
  185  13:46  Siege Tank  
  185  13:47  Ghost x2  
  191  14:07  Marauder x2  
  194  14:14  Marine x2  
  194  14:15  Marine x2  
  194  14:16  Marauder  
  170  14:17  Siege Tank  
  170  14:18  Marauder, Siege Tank  
  170  14:19  Marine x2  
  170  14:20  SCV x3  
  170  14:23  Marine  
  157  14:24  Marine  
  157  14:28  Marauder x2  
  162  14:35  Marine x3  
  162  14:38  Marauder  
  167  14:49  Siege Tank  
  167  14:50  Siege Tank  
  173  14:56  Marine x2  
  175  15:01  Marine x2  
  175  15:02  Marine x5  
  175  15:03  Marauder x2  
  175  15:04  Marauder  
  182  15:15  Marine x2  
  182  15:18  Orbital Command  
  182  15:19  Marine x3  
  186  15:21  Siege Tank  
  186  15:22  Siege Tank  
  186  15:23  Terran Vehicle And Ship Armor Level 2  
  186  15:25  Command Center  
  189  15:36  Missile Turret, Sensor Tower  
  189  15:38  Missile Turret  
  189  15:41  Marine  
  178  15:44  Orbital Command  
  178  15:59  Siege Tank x2  
  178  16:01  Marine x4  
  161  16:10  SCV x3  
  148  16:22  Marine x8  
  154  16:31  Orbital Command, Ghost x3, Siege Tank  
  154  16:32  Ghost, Siege Tank  
  167  16:37  Orbital Command  
  167  16:39  Orbital Command  
  167  16:49  Marine x2  
  169  17:00  Ghost x3  
  175  17:05  Marine x4  
  175  17:06  Marine x3  
  175  17:07  Siege Tank x2, Marine  
  182  17:17  Medivac  
  182  17:18  Medivac  
  182  17:21  Orbital Command  
  174  17:25  Marine  
  174  17:29  Marine x3  
  157  17:30  Marine x2  
  157  17:34  Ghost x2  
  160  17:39  Orbital Command  
  155  17:51  Medivac x2  
  154  18:01  Marine x8  
  162  18:07  Ghost  
  164  18:32  Ghost x2  
  168  18:36  Factory Tech Lab  
  168  18:37  Siege Tank  
  171  18:47  Ghost  
  173  18:55  Refinery x2  
  173  19:01  Siege Tank  
  173  19:02  Marine  
  177  19:03  Marine  
  163  19:40  Orbital Command  
  163  19:42  Orbital Command, Siege Tank x2  
  150  19:54  Marine x2  
  150  19:55  Marine x4  
  156  20:03  SCV x2  
  158  20:07  SCV x2  
  158  20:08  SCV  
  158  20:10  SCV  
  162  20:14  Siege Tank  
  162  20:17  Siege Tank  
  148  21:11  Supply Depot x2  
  148  21:12  Supply Depot  
  148  21:13  Supply Depot x3  
  148  21:26  Orbital Command  
  145  21:33  SCV, Marine x8  
  145  21:34  SCV, Marine x4  
  145  21:35  Siege Tank  
  145  21:39  SCV x2  
  164  21:45  SCV  
  164  21:46  SCV  
  166  21:50  Marine  
  166  21:51  Marine x7  
  166  21:52  Marine  
  166  21:53  Marauder x2  
  176  22:03  Marine  
  176  22:08  Marine  
  176  22:09  Refinery, Marine  
  176  22:10  Refinery  
  176  22:12  Supply Depot  
  178  22:22  Engineering Bay  
  178  22:29  Ghost  
  178  22:30  Marauder  
  178  22:33  Ghost x2  
  178  22:34  Marine x2  
  185  22:39  Siege Tank  
  185  22:45  Marine x2  
  185  22:48  Marine x2  
  185  22:49  Marine  
  187  22:54  Marauder  
  170  23:00  Marine  
  170  23:02  Marauder  
  154  23:05  Marine x3  
  154  23:09  Marine x2  
  154  23:12  Marine x3  
  160  23:24  Siege Tank  
  160  23:25  SCV x2  
  160  23:26  SCV  
  166  23:35  Ghost x2  
  170  23:48  SCV x3  
  172  23:53  Orbital Command  
  173  23:56  Siege Tank  
  173  23:58  Missile Turret, Sensor Tower  
  173  24:00  Marine  
  173  24:01  Marine  
  173  24:02  Missile Turret  
  178  24:04  Orbital Command  
  122  24:17  Marine  
  106  24:28  Siege Tank  
  104  24:57  Marine x9  
  104  24:58  Marine x2  
  110  25:00  SCV  
  110  25:03  SCV  
  112  25:07  SCV x2  
  112  25:08  SCV  
  112  25:09  Orbital Command  
  115  25:19  SCV  
  115  25:20  SCV x2  
  119  25:28  Siege Tank, Marine  
  122  25:29  Marine x4  
  126  25:38  SCV x2  
  126  25:39  SCV x3  
  131  25:48  Marine x2  
  133  25:53  Marine  
Show
View Real Time Build Order
Export as new Build Order

Serral Zerg - Winner!

Build Orders: Hatch First, Lurkers 

Get SALT Encoding   

  12  0:00  Drone  
  13  0:14  Overlord  
  13  0:17  Drone  
  14  0:32  Drone x2  
  16  0:48  Hatchery  
  15  0:51  Drone  
  15  0:55  Drone  
  17  0:58  Drone  
  18  1:09  Extractor  
  17  1:13  Spawning Pool  
  17  1:16  Drone  
  17  1:20  Drone  
  18  1:29  Drone  
  19  1:40  Drone  
  20  1:51  Drone  
  21  1:59  Queen  
  21  2:00  Queen  
  21  2:01  Zergling x4  
  27  2:12  Overlord  
  27  2:13  Drone, Metabolic Boost  
  28  2:28  Hatchery  
  27  2:31  Drone  
  27  2:33  Drone  
  29  2:37  Drone  
  29  2:39  Drone  
  31  2:46  Queen  
  33  2:52  Overlord  
  33  2:55  Drone  
  33  2:57  Drone  
  35  3:01  Pneumatized Carapace  
  35  3:04  Drone  
  36  3:10  Drone  
  36  3:11  Drone x2  
  39  3:14  Drone  
  39  3:17  Overlord  
  39  3:22  Queen  
  39  3:25  Drone  
  42  3:27  Drone  
  42  3:32  Baneling Nest  
  42  3:37  Drone  
  42  3:39  Queen  
  45  3:44  Zergling x4  
  45  3:45  Overlord  
  45  3:48  Drone  
  48  3:49  Drone  
  48  3:51  Drone  
  48  3:53  Drone  
  51  3:56  Drone x2  
  51  4:01  Queen  
  55  4:04  Zergling x4  
  55  4:07  Zergling x2  
  55  4:08  Drone  
  55  4:09  Drone  
  60  4:12  Overlord  
  60  4:14  Zergling x2  
  60  4:15  Baneling x3  
  61  4:22  Spore Crawler  
  60  4:26  Drone x3  
  60  4:27  Drone  
  60  4:28  Drone  
  65  4:35  Drone x2  
  65  4:36  Drone  
  65  4:40  Spore Crawler  
  65  4:44  Zergling x4  
  66  4:45  Drone  
  66  4:49  Spore Crawler  
  65  4:53  Zergling x6  
  65  4:56  Zergling x2  
  69  5:02  Drone x2  
  69  5:05  Drone x3  
  69  5:06  Drone x2  
  73  5:10  Zergling x2  
  74  5:16  Overlord x2  
  74  5:18  Extractor  
  72  5:22  Drone x2  
  72  5:25  Lair  
  74  5:29  Overlord  
  74  5:32  Overlord  
  74  5:37  Drone x6  
  74  5:38  Drone x2  
  81  5:44  Drone  
  81  5:48  Drone x5  
  87  5:50  Drone  
  87  5:52  Extractor  
  87  5:53  Extractor  
  87  5:55  Drone  
  87  5:56  Evolution Chamber x2  
  85  5:59  Zergling x4  
  85  6:01  Overlord  
  85  6:02  Drone x2  
  90  6:04  Drone  
  90  6:09  Extractor  
  89  6:14  Drone x2  
  89  6:15  Zergling x2, Hatchery  
  89  6:16  Zergling x2  
  92  6:21  Zergling x10  
  92  6:24  Centrifical Hooks  
  97  6:30  Zerg Melee Weapons Level 1  
  97  6:32  Overlord, Overseer  
  97  6:38  Zergling x12  
  103  6:40  Baneling x3  
  103  6:42  Baneling x3  
  103  6:49  Zerg Ground Armor Level 1  
  103  6:50  Zergling x2, Overlord  
  103  6:51  Zergling x10  
  108  6:57  Drone x3  
  108  7:00  Drone  
  112  7:02  Hydralisk Den  
  112  7:03  Baneling x3  
  112  7:05  Baneling  
  112  7:06  Drone  
  112  7:08  Drone  
  113  7:11  Overlord  
  113  7:16  Drone x6  
  113  7:17  Drone, Overseer  
  113  7:22  Baneling x3  
  120  7:28  Zergling x2  
  120  7:29  Zergling x10  
  125  7:40  Muscular Augments  
  125  7:42  Drone x2  
  125  7:44  Hydralisk x5  
  125  7:47  Drone x2  
  125  7:50  Hydralisk x2  
  140  7:54  Overlord x2  
  140  7:57  Overlord  
  140  7:58  Overlord  
  140  8:03  Overlord  
  122  8:07  Overlord  
  122  8:11  Drone x3  
  122  8:12  Drone  
  124  8:16  Spore Crawler  
  124  8:20  Hydralisk x3  
  124  8:21  Zergling x8  
  124  8:24  Drone x2  
  136  8:28  Queen  
  136  8:30  Drone, Infestation Pit  
  136  8:31  Spore Crawler  
  137  8:37  Zergling x6  
  137  8:39  Overlord  
  140  8:43  Extractor  
  140  8:44  Baneling  
  140  8:45  Hydralisk x6, Baneling x4  
  151  8:53  Zergling x8  
  147  8:56  Zergling x2  
  147  9:02  Zergling x4  
  150  9:03  Zerg Melee Weapons Level 2  
  150  9:04  Zerg Ground Armor Level 2  
  150  9:06  Zergling x4  
  152  9:12  Zergling x2  
  152  9:13  Zergling x14  
  154  9:20  Baneling  
  154  9:21  Baneling x5  
  154  9:22  Zergling x12  
  152  9:26  Hatchery  
  152  9:29  Baneling x5  
  152  9:30  Drone x3, Baneling x2  
  153  9:39  Hive  
  153  9:40  Zergling x6  
  153  9:41  Zergling x12  
  160  9:48  Extractor, Drone x4  
  160  9:49  Zergling x6  
  166  9:53  Overlord  
  166  9:54  Overlord x2  
  166  9:56  Overlord x2  
  166  9:58  Overseer  
  166  9:59  Burrow  
  166  10:04  Overlord x2  
  165  10:09  Baneling  
  165  10:10  Baneling x2  
  165  10:11  Baneling x4  
  165  10:12  Zergling x14  
  172  10:20  Hydralisk  
  172  10:21  Zergling x10  
  179  10:24  Baneling x5  
  177  10:31  Drone x3, Lurker Den  
  177  10:32  Extractor, Drone  
  179  10:51  Queen, Viper  
  179  10:52  Viper  
  179  10:53  Drone x2  
  179  10:54  Drone  
  179  10:55  Adrenal Glands  
  190  10:59  Spore Crawler  
  190  11:02  Drone x3  
  190  11:03  Zergling x16  
  199  11:07  Baneling x2  
  199  11:15  Baneling x2  
  199  11:16  Baneling x7  
  193  11:21  Zergling x10  
  193  11:22  Zergling x22  
  191  11:31  Zergling x16  
  199  11:35  Seismic Spines  
  199  11:36  Baneling x5  
  199  11:39  Zerg Missile Weapons Level 1  
  198  11:42  Zerg Ground Armor Level 3  
  198  11:45  Zergling x14  
  198  11:59  Zergling x2  
  197  12:06  Extractor x2  
  197  12:07  Drone x2  
  197  12:08  Drone  
  197  12:15  Hatchery, Lurker x2  
  197  12:16  Lurker  
  197  12:17  Lurker  
  197  12:20  Baneling x13  
  199  12:32  Adaptive Talons  
  199  12:36  Spine Crawler  
  198  12:39  Drone  
  198  12:40  Spire  
  198  12:41  Drone  
  198  12:42  Hatchery, Drone  
  199  12:47  Hatchery  
  180  13:04  Zergling x40  
  167  13:13  Zergling x34  
  182  13:22  Baneling x20  
  182  13:23  Baneling x15  
  182  13:26  Zergling x30  
  197  13:30  Drone x2  
  197  13:33  Zerg Melee Weapons Level 3  
  199  13:38  Overlord, Spore Crawler  
  199  13:40  Baneling  
  198  13:50  Baneling x11  
  198  13:58  Zerg Flyer Weapons Level 1  
  198  14:02  Zergling x10, Baneling x2  
  191  14:15  Zergling x34  
  190  14:18  Zerg Missile Weapons Level 2  
  190  14:21  Zergling x30  
  183  14:27  Zergling x2, Hydralisk  
  183  14:30  Baneling x8  
  183  14:31  Overseer, Baneling  
  178  14:32  Hydralisk, Baneling x10  
  178  14:33  Zergling x4  
  178  14:34  Drone x3  
  178  14:35  Drone x3  
  186  14:45  Baneling x2  
  186  14:46  Lurker x6  
  186  14:48  Hydralisk x3  
  186  14:50  Pathogen Glands  
  191  15:06  Drone x3  
  190  15:12  Zergling x30  
  188  15:23  Zergling x2  
  188  15:24  Zergling x20  
  199  15:36  Hatchery  
  198  15:46  Baneling  
  198  15:50  Zergling x4  
  160  16:05  Zergling x46  
  168  16:13  Zergling x18  
  172  16:18  Baneling  
  172  16:19  Lurker, Baneling x15  
  172  16:20  Lurker x2  
  172  16:23  Zergling x18  
  183  16:35  Greater Spire  
  183  16:36  Zerg Missile Weapons Level 3  
  183  16:37  Spire  
  183  16:39  Hydralisk x7  
  189  16:41  Zergling x8  
  189  16:44  Overseer  
  199  17:10  Hatchery  
  191  17:28  Zergling x18  
  194  17:45  Zergling x10  
  194  17:49  Overseer  
  194  17:51  Overseer  
  180  17:59  Hydralisk x4  
  180  18:00  Zergling x30  
  180  18:05  Zerg Flyer Weapons Level 2  
  199  18:06  Zerg Flyer Armor Level 1  
  199  18:28  Baneling  
  199  18:29  Baneling x9  
  199  18:53  Spine Crawler  
  199  18:54  Spore Crawler  
  199  18:55  Spine Crawler  
  196  18:56  Zergling x6  
  196  18:58  Baneling x13  
  199  19:04  Hatchery  
  199  19:05  Baneling x8  
  180  19:34  Zergling x30  
  160  19:49  Zergling x24  
  160  19:50  Zergling x18  
  160  19:51  Zergling x38  
  160  19:52  Zergling x26  
  200  19:58  Baneling x24  
  200  19:59  Baneling x6  
  198  20:09  Overseer  
  197  20:31  Zergling x16  
  185  20:53  Zergling x48  
  188  21:00  Zergling x18  
  164  21:08  Baneling x2  
  164  21:09  Baneling x7  
  164  21:18  Viper x2  
  164  21:19  Corruptor x10  
  180  21:33  Extractor x2  
  180  21:36  Zerg Flyer Armor Level 2  
  180  21:37  Zerg Flyer Weapons Level 3  
  178  21:45  Baneling x9  
  177  21:50  Overseer  
  173  22:00  Brood Lord x6  
  179  22:09  Brood Lord x4  
  179  22:15  Zergling x24  
  199  22:19  Overseer  
  199  22:23  Baneling x26  
  199  22:30  Extractor x2  
  197  22:40  Overseer  
  197  22:44  Baneling x7  
  192  22:55  Overseer  
  165  23:00  Zergling x60  
  165  23:04  Overlord  
  165  23:05  Overlord  
  165  23:10  Overlord x2  
  147  23:13  Overlord  
  147  23:16  Baneling x18  
  147  23:17  Baneling x6  
  147  23:18  Baneling x3  
  147  23:19  Baneling x11  
  147  23:24  Hydralisk x7  
  147  23:25  Hydralisk x2  
  147  23:26  Zergling x48  
  189  23:35  Zergling x2  
  189  23:36  Zergling x20  
  189  23:39  Baneling x23  
  200  23:48  Hatchery  
  195  24:07  Zergling x2  
  195  24:08  Zergling x30  
  189  24:14  Zergling x20  
  153  24:29  Infestor x2  
  149  24:32  Baneling x4  
  149  24:33  Baneling x10  
  149  24:34  Zergling x2  
  149  24:35  Zergling x8  
  154  24:46  Infestor  
  154  24:48  Infestor  
  154  24:55  Zergling x10  
  153  25:06  Infestor x2  
  153  25:07  Overseer  
  153  25:09  Baneling x2  
  153  25:10  Baneling  
  153  25:11  Lurker x8  
  153  25:12  Hatchery, Overseer  
  160  25:16  Zergling x8  
  164  25:26  Zergling x12  
  167  25:39  Zergling x4  
  167  25:40  Zergling x18  
  167  25:41  Infestor  
  173  25:57  Zergling x2  
  173  25:58  Zergling x22  
  168  26:24  Zergling x34  
  168  26:25  Zergling x4  
Tags
 
Composition
Lurkers
Event
TSL 6
Matchup
TvZ
Spawn Locations
Cross Positions
Add a new tag
Caveats
  • Supply blocks, unpowered buildings, or Contaminate may cause inaccurate times.
  • Supply counts are checked every 10 seconds.